 Dungeon Crawl Stone Soup version 0.21-a0-125-gb006224 (webtiles) character file.

124 paintrain the Chopper (level 5, -19/46 HPs)
             Began as a Hill Orc Fighter on July 14, 2017.
             Demolished by an ogre
             ... wielding a +0 giant club
              (25 damage)
             ... on level 5 of the Dungeon.
             The game lasted 00:04:05 (2018 turns).

paintrain the Chopper (Hill Orc Fighter)            Turns: 2018, Time: 00:04:05

Health: -19/46     AC:  7    Str: 17 (19) XL:     5   Next: 8%
Magic:  5/5        EV:  7    Int:  7 (8)  God:
Gold:   122        SH:  8    Dex: 10 (11) Spells: 4/4 levels left

rFire    . . .     SeeInvis .   a - +0 war axe
rCold    . . .     Gourm    .   c - +0 shield
rNeg     . . .     Faith    .   b - +0 scale mail
rPois    .         Spirit   .   (no helmet)
rElec    .         Reflect  .   (no cloak)
rCorr    .         Harm     .   (no gloves)
MR       .....                  (no boots)
Stlth    ..........             (no amulet)
HPRegen  0.15/turn              (no ring)
MPRegen  0.09/turn              (no ring)

@: no status effects
A: no striking features
a: no special abilities


You were on level 5 of the Dungeon.
You were hungry.

You visited 1 branch of the dungeon, and saw 5 of its levels.

You collected 122 gold pieces.

Inventory:

Hand Weapons
 a - a +0 war axe (weapon)
 g - a +2 short sword of electrocution
Missiles
 h - 14 poisoned needles
 k - 123 stones (quivered)
Armour
 b - a +0 scale mail (worn)
 c - a +0 shield (worn)
Scrolls
 i - a scroll of blinking {unknown}
 m - a scroll of enchant weapon {unknown}
 n - a scroll of recharging {unknown}
Potions
 e - a potion of flight
Comestibles
 f - 2 bread rations
 j - a meat ration
 l - a royal jelly


   Skills:
 + Level 4.0 Fighting
 * Level 5.4 Axes
 + Level 4.2 Armour
 + Level 0.2 Dodging
 - Level 3.2 Shields


You had 4 spell levels left.
You didn't know any spells.

Dungeon Overview and Level Annotations

Branches:
Dungeon (5/15)
 Temple: D:4-7

Altars:
Gozag
Nemelex Xobeh
Okawaru
Trog
The Shining One

Annotations:
D:3 Sigmund


Message History

Unknown command.
The orc barely misses you. The orc hits you with a dagger.
* * * LOW HITPOINT WARNING * * *
Unknown command.
You block the orc's attack. The orc barely misses you.
The crimson imp blinks!
All of the chunks of flesh in your inventory have rotted away.
The orc hits you but does no damage. The orc hits you with a whip.
* * * LOW HITPOINT WARNING * * *
You block the orc's attack.
Unknown command.
Something hits you but does no damage. The crimson imp closely misses you.
The crimson imp hits you.
* * * LOW HITPOINT WARNING * * *
Unknown command.
You block the crimson imp's attack.
Unknown command.
The ogre hits you with a giant club!!
Ouch! That really hurt!
You die...

####### ####
##.....###+##..#######
.....................#
##.....#........@....#
>'[...$'..##...{5O...#
##..############oo...#
#..# #_#.#.#oo...#
#.##_.#.#.#.#.8.....#
#.# #...............#
#..#_......[........#
####_.#.#.#.#.8######
# # #.###_##


You could see an ogre, a crimson imp and 4 orcs.

Vanquished Creatures
  An orc wizard (D:4)
  Terence (D:3)
  A gnoll (D:1)
  6 orcs
  2 ball pythons
  2 giant cockroaches
  7 goblins
  9 hobgoblins
  4 jackals (D:3)
  5 bats
  4 frilled lizards
  8 kobolds
  2 rats
52 creatures vanquished.

Notes
Turn   | Place    | Note
-------+----------+-------------------------------------------
     0 | D:1      | paintrain the Hill Orc Fighter began the quest for the Orb.
     0 | D:1      | Reached XP level 1. HP: 19/19 MP: 1/1
   169 | D:1      | Reached skill level 3 in Axes
   229 | D:1      | Reached XP level 2. HP: 27/27 MP: 2/2
   552 | D:1      | Reached XP level 3. HP: 28/33 MP: 3/3
   951 | D:1      | Reached skill level 4 in Axes
  1749 | D:3      | Noticed Terence
  1774 | D:3      | Reached XP level 4. HP: 19/40 MP: 4/4
  1779 | D:3      | Killed Terence
  1784 | D:3      | Reached skill level 5 in Axes
  1932 | D:3      | Noticed Sigmund
  1966 | D:4      | Reached XP level 5. HP: 7/46 MP: 5/5
  1982 | D:5      | Entered Level 5 of the Dungeon
  2000 | D:5      | Found an iron altar of Okawaru.
  2005 | D:5      | Noticed an ogre
  2006 | D:5      | Found an opulent altar of Gozag.
  2006 | D:5      | Found a sparkling altar of Nemelex Xobeh.
  2006 | D:5      | Found a bloodstained altar of Trog.
  2007 | D:5      | Found a glowing golden altar of the Shining One.
  2018 | D:5      | Demolished by an ogre

Vault maps used:
D:1:      kennysheep_arrival_forest
D:2:      guppyfry_early_orc_mine
D:3:      first_bread, uniq_terence, uniq_sigmund
D:4:      nicolae_ru_sacrificial_ziggurat, minmay_temple_entry_poolview
D:5:      lemuel_castle_with_subvaults, grunt_temple_overflow_champion_of_chaos,
          minitemple, serial_shops, shop, fedhas_altar_1, uniq_duvessa,
          uniq_crazy_yiuf_cottage, uniq_eustachio

Skill      XL: |  1  2  3  4 |
---------------+-------------+-----
Axes           | 3 4 5 |  5.4
Armour         | 4 |  4.2
Fighting       | 4 |  4.0
Dodging        | |  0.2
Shields        | |  3.2

Action                   |  1- 3 |  4- 6 || total
-------------------------+-------+-------++-------
Melee: War axe           |   124 |    30 ||   154
  Use: Scroll            |     5 |       ||     5
       Potion            |     3 |     2 ||     5
  Eat: Chunk             |     2 |     1 ||     3
Armor: Scale mail        |    43 |    13 ||    56
Dodge: Dodged            |    35 |    13 ||    48
Block: Shield            |    63 |    17 ||    80
